MWL (24 & UNDER)
MANHATTEN MEATHEADS @ WISCONSIN RAPIDS RANGERS
05/21/2023
 
TOP OF THE 1ST
Manhatten Meatheads batting - Pitching for Wisconsin Rapids Rangers : LHP Manuel Perea
Pitching: LHP Manuel Perea
Batting: RHB Iván Moreno 0-0: Ball
1-0: Fly out, F6 (Popup, 6MD)
Batting: RHB Kyle O'Day 0-0: Fly out, F4 (Popup, 3)
Batting: RHB Jason Erickson 0-0: Ball
1-0: Foul Ball, location: 2F
1-1: Fly out, F9 (Flyball, 9LM)
Top of the 1st over - 0 run(s), 0 hit(s), 0 error(s), 0 left on base; Manhatten 0 - Wisconsin Rapids 0
BOTTOM OF THE 1ST
Wisconsin Rapids Rangers batting - Pitching for Manhatten Meatheads : LHP Kelly Henry
Pitching: LHP Kelly Henry
Batting: RHB Ray Little 0-0: Called Strike
0-1: Ball
1-1: Foul Ball, location: 2F
1-2: Fly out, F8 (Flyball, 8RM)
Batting: RHB Jeffrey Lee 0-0: Ball
1-0: SINGLE (Line Drive, 34D)
Batting: RHB Tom Thompson 0-0: SINGLE (Groundball, 4MS) (infield hit)
Jeffrey Lee to second
Batting: RHB Kirk Powell 0-0: Foul Ball, location: 2F
0-1: Ball
1-1: Foul Ball, location: 2F
1-2: Ball
2-2: Ball
3-2: Foul Ball, location: 2F
3-2: SINGLE (Groundball, 6MD)
Jeffrey Lee to third
Tom Thompson to second
Runner from 3rd tries for Home, SAFE, throw made home
Batting: RHB Arturo Rodríguez 0-0: Called Strike
0-1: Ball
1-1: Grounds into double play, 6-4-3 (Groundball, 6)
Bottom of the 1st over - 1 run(s), 3 hit(s), 0 error(s), 1 left on base; Manhatten 0 - Wisconsin Rapids 1
TOP OF THE 2ND
Manhatten Meatheads batting - Pitching for Wisconsin Rapids Rangers : LHP Manuel Perea
Batting: RHB William Moore 0-0: Called Strike
0-1: Swinging Strike
0-2: Foul Ball, location: 2F
0-2: Ball
1-2: Fly out, F6 (Popup, 6)
Batting: LHB Ed Murray 0-0: SINGLE (Groundball, 4M)
Batting: LHB Magali Foulerton 0-0: Ball
1-0: Ball
2-0: Foul Ball, location: 2F
2-1: Called Strike
2-2: Strikes out swinging
Batting: RHB Lynn Ford 0-0: Ball
1-0: Ball
2-0: Swinging Strike
2-1: SINGLE (Groundball, 5L)
Ed Murray to second
Batting: RHB Mitch Thomas 0-0: Ball
1-0: Called Strike
1-1: Fly out, F7 (Flyball, 7D)
Top of the 2nd over - 0 run(s), 2 hit(s), 0 error(s), 2 left on base; Manhatten 0 - Wisconsin Rapids 1
BOTTOM OF THE 2ND
Wisconsin Rapids Rangers batting - Pitching for Manhatten Meatheads : LHP Kelly Henry
Batting: RHB Robert Acosta 0-0: Called Strike
0-1: Fly out, F9 (Popup, 34D)
Batting: LHB Ramón Córdova 0-0: Called Strike
0-1: Ball
1-1: Swinging Strike
1-2: Foul Ball, location: 2F
1-2: Strikes out looking
Batting: LHB Ron Robinson 0-0: Ball
1-0: Called Strike
1-1: Ball
2-1: Foul Ball, location: 2F
2-2: Ball
3-2: Ground out U3 (Groundball, 3L)
Bottom of the 2nd over - 0 run(s), 0 hit(s), 0 error(s), 0 left on base; Manhatten 0 - Wisconsin Rapids 1
TOP OF THE 3RD
Manhatten Meatheads batting - Pitching for Wisconsin Rapids Rangers : LHP Manuel Perea
Batting: RHB Juan Reyes 0-0: Ball
1-0: Ball
2-0: Called Strike
2-1: Ball
3-1: Ground out 6-3 (Groundball, 6)
Batting: RHB Iván Moreno 0-0: Ball
1-0: Called Strike
1-1: Foul Ball, location: 2F
1-2: Ball
2-2: Fly out, F9 (Line Drive, 9LM)
Batting: RHB Kyle O'Day 0-0: Ball
1-0: Called Strike
1-1: Ball
2-1: Ball
3-1: Base on Balls
Batting: RHB Jason Erickson 0-0: Called Strike
Kyle O'Day steals 2nd base
0-1: Ball
1-1: Ball
2-1: Foul Ball, location: 2F
2-2: Ground out 5-3 (Groundball, 56)
Top of the 3rd over - 0 run(s), 0 hit(s), 0 error(s), 1 left on base; Manhatten 0 - Wisconsin Rapids 1
BOTTOM OF THE 3RD
Wisconsin Rapids Rangers batting - Pitching for Manhatten Meatheads : LHP Kelly Henry
Batting: RHB Danny Campbell 0-0: Called Strike
0-1: Foul Ball, location: 2F
0-2: Strikes out swinging
Batting: RHB Ray Little 0-0: Ball
1-0: Ball
2-0: Ball
3-0: Called Strike
3-1: Base on Balls
Batting: RHB Jeffrey Lee 0-0: Called Strike
0-1: Ball
1-1: Foul Ball, location: 2F
1-2: Strikes out swinging
Batting: RHB Tom Thompson 0-0: Ball
1-0: Ball
2-0: Reached on error, E5 (Groundball, 56)
Ray Little to second
Batting: RHB Kirk Powell 0-0: Ball
1-0: Called Strike
1-1: Called Strike
1-2: Fielders Choice at 2nd, 6-4 (Groundball, 6)
Bottom of the 3rd over - 0 run(s), 0 hit(s), 1 error(s), 1 left on base; Manhatten 0 - Wisconsin Rapids 1
TOP OF THE 4TH
Manhatten Meatheads batting - Pitching for Wisconsin Rapids Rangers : LHP Manuel Perea
Batting: RHB William Moore 0-0: Ball
1-0: Ball
2-0: Ball
3-0: Base on Balls
Batting: LHB Ed Murray 0-0: Foul Ball, location: 2F
0-1: Ball
1-1: Ball
2-1: Grounds into double play, 4-6-3 (Groundball, 4)
Batting: LHB Magali Foulerton 0-0: Ball
1-0: Ball
2-0: Ball
3-0: Called Strike
3-1: Base on Balls
Batting: RHB Lynn Ford 0-0: Called Strike
0-1: Ball
1-1: Ball
2-1: Foul Ball, location: 2F
2-2: Strikes out swinging
Top of the 4th over - 0 run(s), 0 hit(s), 0 error(s), 1 left on base; Manhatten 0 - Wisconsin Rapids 1
BOTTOM OF THE 4TH
Wisconsin Rapids Rangers batting - Pitching for Manhatten Meatheads : LHP Kelly Henry
Batting: RHB Arturo Rodríguez 0-0: Fly out, F7 (Flyball, 78M)
Batting: RHB Robert Acosta 0-0: Ball
1-0: Fly out, F8 (Flyball, 78M)
Batting: LHB Ramón Córdova 0-0: Ball
1-0: Foul Ball, location: 2F
1-1: Foul Ball, location: 2F
1-2: Ball
2-2: Ball
3-2: SINGLE (Groundball, 3S)
Batting: LHB Ron Robinson 0-0: Ball
1-0: Ball
2-0: Called Strike
2-1: Swinging Strike
2-2: Ball
3-2: Fly out, F7 (Flyball, 7S)
Bottom of the 4th over - 0 run(s), 1 hit(s), 0 error(s), 1 left on base; Manhatten 0 - Wisconsin Rapids 1
TOP OF THE 5TH
Manhatten Meatheads batting - Pitching for Wisconsin Rapids Rangers : LHP Manuel Perea
Batting: RHB Mitch Thomas 0-0: Swinging Strike
0-1: Ball
1-1: Swinging Strike
1-2: DOUBLE (Flyball, 89M)
Batting: RHB Juan Reyes 0-0: Called Strike
0-1: Foul Ball, location: 2F
0-2: Ball
1-2: Ball
2-2: Foul Ball, location: 2F
2-2: Ball
3-2: Ground out 5-3 (Groundball, 56S)
Mitch Thomas to third
Batting: RHB Iván Moreno 0-0: Ball
1-0: Called Strike
1-1: Ball
2-1: Ball
3-1: Called Strike
3-2: SINGLE (Line Drive, 9S)
Mitch Thomas scores
Pitching: RHP Ramiro Maestas
Batting: RHB Kyle O'Day 0-0: Swinging Strike
0-1: Fly out, F8 (Flyball, 8RM)
Batting: RHB Jason Erickson 0-0: Ball
1-0: Ball
2-0: Fly out, F3 (Popup, 3SF)
Top of the 5th over - 1 run(s), 2 hit(s), 0 error(s), 1 left on base; Manhatten 1 - Wisconsin Rapids 1
BOTTOM OF THE 5TH
Wisconsin Rapids Rangers batting - Pitching for Manhatten Meatheads : LHP Kelly Henry
Batting: RHB Danny Campbell 0-0: Ball
1-0: Ball
2-0: Ball
3-0: Called Strike
3-1: Foul Ball, location: 2F
3-2: SINGLE (Groundball, 56)
Batting: RHB Ray Little 0-0: Fly out, F8 (Flyball, 8RM)
Batting: RHB Jeffrey Lee 0-0: Ball
1-0: Foul Ball, location: 2F
1-1: Called Strike
1-2: Ball
2-2: Ball
3-2: SINGLE (Line Drive, 56D)
Danny Campbell to second
Batting: RHB Tom Thompson 0-0: SINGLE (Groundball, 6)
Danny Campbell to third
Jeffrey Lee to second
Runner from 3rd tries for Home, throw and OUT!
Jeffrey Lee to third
Tom Thompson to second
Batting: RHB Kirk Powell 0-0: SINGLE (Line Drive, 8LS)
Jeffrey Lee scores
Tom Thompson to third
Runner from 3rd tries for Home, SAFE, no throw or cutoff
Batting: RHB Arturo Rodríguez 0-0: Ball
1-0: Ball
2-0: Ball
3-0: Called Strike
3-1: Foul Ball, location: 2F
3-2: Strikes out looking
Bottom of the 5th over - 2 run(s), 4 hit(s), 0 error(s), 1 left on base; Manhatten 1 - Wisconsin Rapids 3
TOP OF THE 6TH
Manhatten Meatheads batting - Pitching for Wisconsin Rapids Rangers : RHP Ramiro Maestas
Batting: RHB William Moore 0-0: Called Strike
0-1: Ball
1-1: Called Strike
1-2: Ball
2-2: Strikes out swinging
Batting: LHB Ed Murray 0-0: Ball
1-0: Fly out, F7 (Flyball, 7M)
Batting: LHB Magali Foulerton 0-0: Swinging Strike
0-1: Fly out, F9 (Flyball, 9S)
Top of the 6th over - 0 run(s), 0 hit(s), 0 error(s), 0 left on base; Manhatten 1 - Wisconsin Rapids 3
BOTTOM OF THE 6TH
Wisconsin Rapids Rangers batting - Pitching for Manhatten Meatheads : LHP Kelly Henry
Pitching: LHP José Acevedo
Batting: RHB Robert Acosta 0-0: Called Strike
0-1: SINGLE (Groundball, 56)
Batting: LHB Ramón Córdova 0-0: Ball
1-0: Ball
2-0: DOUBLE (Line Drive, 9LS)
Robert Acosta to third
Runner from 3rd tries for Home, SAFE, no throw or cutoff
Batting: LHB Ron Robinson 0-0: Intentional Walk
Batting: RHB Danny Campbell 0-0: Foul Ball, location: 2F
0-1: Foul Ball, location: 2F
0-2: Ball
1-2: Ball
2-2: Ball
3-2: Strikes out swinging
Batting: RHB Ray Little 0-0: DOUBLE (Line Drive, 7LS)
Ramón Córdova scores
Ron Robinson to third
Batting: RHB Jeffrey Lee 0-0: Ball
1-0: Called Strike
1-1: Foul Ball, location: 2F
1-2: Fly out, F5 (Popup, 25)
Batting: RHB Tom Thompson 0-0: Foul Ball, location: 2F
0-1: Fly out, F9 (Line Drive, 89M)
Bottom of the 6th over - 2 run(s), 3 hit(s), 0 error(s), 2 left on base; Manhatten 1 - Wisconsin Rapids 5
TOP OF THE 7TH
Manhatten Meatheads batting - Pitching for Wisconsin Rapids Rangers : RHP Ramiro Maestas
Batting: RHB Lynn Ford 0-0: Ball
1-0: Called Strike
1-1: Swinging Strike
1-2: Strikes out swinging
Pitching: RHP Ray Adams
Batting: RHB Mitch Thomas 0-0: Called Strike
0-1: Ball
1-1: Fly out, F5 (Popup, 56S)
Batting: RHB Juan Reyes 0-0: Ball
1-0: Ball
2-0: Called Strike
2-1: Fly out, F3 (Popup, 4S)
Top of the 7th over - 0 run(s), 0 hit(s), 0 error(s), 0 left on base; Manhatten 1 - Wisconsin Rapids 5
BOTTOM OF THE 7TH
Wisconsin Rapids Rangers batting - Pitching for Manhatten Meatheads : LHP José Acevedo
Batting: RHB Kirk Powell 0-0: Ball
1-0: Fly out, F7 (Line Drive, 7S)
Batting: RHB Arturo Rodríguez 0-0: Ball
1-0: Foul Ball, location: 2F
1-1: Ball
2-1: Foul Ball, location: 2F
2-2: Ball
3-2: Strikes out looking
Batting: RHB Robert Acosta 0-0: Fly out, F7 (Line Drive, 7D)
Bottom of the 7th over - 0 run(s), 0 hit(s), 0 error(s), 0 left on base; Manhatten 1 - Wisconsin Rapids 5
TOP OF THE 8TH
Manhatten Meatheads batting - Pitching for Wisconsin Rapids Rangers : RHP Ray Adams
Batting: RHB Iván Moreno 0-0: Fly out, F9 (Flyball, 89M)
Batting: RHB Kyle O'Day 0-0: Fly out, F7 (Flyball, 78S)
Batting: RHB Jason Erickson 0-0: Called Strike
0-1: Ball
1-1: Swinging Strike
1-2: Foul Ball, location: 2F
1-2: Strikes out swinging
Top of the 8th over - 0 run(s), 0 hit(s), 0 error(s), 0 left on base; Manhatten 1 - Wisconsin Rapids 5
BOTTOM OF THE 8TH
Wisconsin Rapids Rangers batting - Pitching for Manhatten Meatheads : LHP José Acevedo
Batting: LHB Ramón Córdova 0-0: Ball
1-0: Foul Ball, location: 2F
1-1: Ball
2-1: SINGLE (Groundball, 5D)
Batting: LHB Ron Robinson 0-0: Bunted foul
0-1: Ball
1-1: Sac Bunt - play at first, batter OUT! 5-4
Ramón Córdova to second
Pitching: RHP Matt Johnston
Batting: RHB Danny Campbell 0-0: Ground out 6-3 (Groundball, 6M)
Ramón Córdova to third
Batting: RHB Ray Little 0-0: Reached on error, E6 (Groundball, 6M)
Ramón Córdova scores
Batting: RHB Jeffrey Lee 0-0: Ball
1-0: Swinging Strike
1-1: Ball
2-1: Ground out 4-3 (Groundball, 4)
Bottom of the 8th over - 1 run(s), 1 hit(s), 1 error(s), 1 left on base; Manhatten 1 - Wisconsin Rapids 6
TOP OF THE 9TH
Manhatten Meatheads batting - Pitching for Wisconsin Rapids Rangers : RHP Ray Adams
Batting: RHB William Moore 0-0: Swinging Strike
0-1: Foul Ball, location: 2F
0-2: Ball
1-2: Strikes out swinging
Batting: LHB Ed Murray 0-0: Ball
1-0: Called Strike
1-1: Ball
2-1: Called Strike
2-2: Foul Ball, location: 2F
2-2: Ground out 4-3 (Groundball, 34)
Batting: LHB Magali Foulerton 0-0: Called Strike
0-1: Called Strike
0-2: Strikes out looking
Top of the 9th over - 0 run(s), 0 hit(s), 0 error(s), 0 left on base; Manhatten 1 - Wisconsin Rapids 6
This league is powered by Out of the Park Baseball, the baseball management simulation game for PC, Mac and Linux
Wednesday, December 2nd, 2015 - OOTP Baseball 16.8 Build 38